 Dungeon Crawl Stone Soup version 0.14-a0-2474-g7d54a28 (webtiles) character file.

1924 Kae the Covert (level 8, -1/36 HPs)
             Began as a Spriggan Enchanter on Feb 8, 2014.
             Was an Initiate of Dithmengos.
             Slain by a fountain mimic (6 damage)
             ... on Level 7 of the Dungeon.
             The game lasted 00:16:23 (7321 turns).

Kae the Covert (Spriggan Enchanter)                 Turns: 7321, Time: 00:16:24

HP  -1/36        AC  5     Str  6      XL: 8   Next: 62%
MP   6/33        EV 22     Int 16      God: Dithmengos [......]
Gold 322         SH  0     Dex 17      Spells:  3 memorised, 12 levels left

rFire  . . .     SeeInvis +     a - +2,+1 dagger (stab)
rCold  . . .     Clarity  .     h - +1 robe (curse)
rNeg   . . .     Conserve +     (shield restricted)
rPois  +         rCorr    +     (helmet restricted)
rElec  .         rRot     .     e - +1 cloak {rCorr, Cons}
SustAb . .       Spirit   .     (gloves unavailable)
rMut   .         Warding  .     (boots unavailable)
Saprov . . .     Stasis   .     (no amulet)
MR     +....                    r - cursed ring of magical power
                                s - cursed ring of poison resistance

@: held, very quick, somewhat resistant to hostile enchantments, very stealthy
A: unfitting armour, see invisible, herbivore 3, speed 3, slow metabolism 2
a: Renounce Religion


You were on level 7 of the Dungeon.
You worshipped Dithmengos.
Dithmengos was noncommittal.
You were near starving.

You visited 2 branches of the dungeon, and saw 8 of its levels.
You also visited: Ossuary.

You collected 608 gold pieces.
You spent 286 gold pieces at shops.

Inventory:

Hand weapons
 a - a +2,+1 dagger of stabbing (weapon)
 b - a cursed +1,+0 elven dagger
Missiles
 d - 30 darts (quivered)
 t - 2 darts of flame
 G - 6 poisoned darts
Armour
 e - a +1 cloak of preservation (worn)
 h - a cursed +1 robe (worn)
Magical devices
 E - a wand of cold (6)
Comestibles
 i - 8 bread rations
 m - a lychee
 u - an apple
 I - a pear
Scrolls
 j - 2 scrolls of teleportation
 k - 4 scrolls of remove curse
 n - a scroll of identify
 o - a scroll of recharging
 p - 2 scrolls of magic mapping
 q - a scroll of enchant weapon I
 w - 3 scrolls of fear
 F - a scroll of fog
 H - a scroll of random uselessness
Jewellery
 r - a cursed ring of magical power (right hand)
 s - a cursed ring of poison resistance (left hand)
 y - an uncursed ring of protection from fire
Potions
 f - 3 potions of restore abilities
 g - a potion of flight
 l - a potion of confusion {unknown}
 v - 3 potions of curing
 x - 3 potions of agility
 z - 2 potions of might
 A - a potion of lignification
 B - a potion of poison
 C - a potion of speed
 D - 3 potions of heal wounds
Books
 c - a book of Maledictions

   Spells                             Type                      Level
   *Corona                            Hexes                        1
   Sure Blade                         Hexes/Charms                 2
   *Ensorcelled Hibernation           Hexes/Ice                    2
   *Confuse                           Hexes                        3
   Enslavement                        Hexes                        4
   Invisibility                       Hexes                        6


   Skills:
 * Level 6.6 Short Blades
 - Level 1.1 Throwing
 + Level 6.6 Dodging
 * Level 9.3 Stealth
 + Level 5.6 Spellcasting
 + Level 6.0 Hexes


You had 12 spell levels left.
You knew the following spells:

 Your Spells              Type           Power        Failure   Level  Hunger
a - Corona                Hex            ###....      1%          1    None
b - Ensorcelled Hibernat  Hex/Ice        ##....       10%         2    #......
c - Confuse               Hex            ###.....     4%          3    ###....


Dungeon Overview and Level Annotations

Branches:
Dungeon (7/16)             Temple (1/1) D:7

Altars:
Ashenzari
Cheibriados
Dithmengos
Elyvilon
Fedhas
Makhleb
Nemelex Xobeh
Okawaru
Sif Muna
Trog
Vehumet
Xom
Yredelemnul
Zin
The Shining One

Shops:
D:4 *   D:6 %   D:7 *

Annotations:
D:3 Sigmund
D:5 wojtek's ghost, experienced KoAs


Innate Abilities, Weirdness & Mutations

You are tiny and cannot use many weapons and most armour.
You have supernaturally acute eyesight.
You are a herbivore.
You cover ground extremely quickly.
You need consume almost no food.


Message History

The fountain mimic is outlined in light.
Throwing (i - inventory. (,) - cycle):
d - 31 darts (quivered)
Press: ? - help, Shift-Dir - straight line, f/p - fountain mimic
Aim: a fountain mimic (lightly damaged, softly glowing)
You throw a dart. The dart hits the fountain mimic.
The fountain mimic is lightly damaged.
You hit the fountain mimic.
The fountain mimic is lightly damaged.
The fountain mimic splashes you but does no damage.
The fountain mimic misses you. The fountain mimic grabs you.
You hit the fountain mimic.
The fountain mimic is lightly damaged.
You hit the fountain mimic.
The fountain mimic is moderately damaged.
The fountain mimic splashes you!
* * * LOW HITPOINT WARNING * * *
The fountain mimic completely misses you.
Your attempt to break free from the fountain mimic fails, but you feel that another attempt might succeed.
The fountain mimic splashes you.
You die...

...#.##.##.#.#.#####.#**#.#.#.#,,
##.#.##.##.#.#.# *,,,,..#.#.# *
#.#.##.##.#.#%#########***,#.#,*
#.#.......#.#..........,,,,#.#,*
#.####.####.#.##############.#.#
##...........#..⌠((.#.....#...#.#
......(((..###.####%#.###.#####.#
.....###...###.####.#.# #.#...#.#
.....#.....(.(..@⌠(.#.###.#.#.#.#
######.#...###.....##...#[#.#.#.#
...........# #..........#.#.#.#.#
######....[# ##....##...#.#.#.#.#
######.....# #######..##.#.#.#.#
........#############..#........#
#######.####...........#..###.###
#..........[...............
############.#########.######^###


You could see a fountain mimic.

Vanquished Creatures
  A phantom (D:6)
  A yellow wasp (D:6)
  2 ogres
  2 centaurs
  2 giant frogs (D:7)
  A wight (D:6)
  5 crimson imps
  3 hounds
  A gnoll shaman (D:4)
  Crazy Yiuf (D:6)
  A jelly (D:7)
  A giant frog skeleton (D:4)
  A centaur skeleton (D:6)
  A scorpion (D:5)
  7 worker ants
  5 mummies (Ossuary)
  A hound zombie (D:6)
  4 gnolls (D:4)
  10 adders
  5 worms
  An adder skeleton (D:6)
  A giant eyeball (D:7)
  7 giant geckos
  3 oozes
  5 orcs
  10 hobgoblins
  3 jackals
  6 kobolds
  3 quokkas
  4 ball pythons
  20 bats
  2 giant cockroaches
  4 giant newts
  A gnoll skeleton (D:4)
  3 gnoll zombies (Ossuary)
  6 goblins
  2 hobgoblin zombies (Ossuary)
  2 kobold zombies (Ossuary)
  An orc zombie (Ossuary)
  11 rats
  A rat zombie (D:5)
151 creatures vanquished.

Notes
Turn   | Place    | Note
--------------------------------------------------------------
     0 | D:1      | Kae, the Spriggan Enchanter, began the quest for the Orb.
     0 | D:1      | Reached XP level 1. HP: 9/9 MP: 4/4
   331 | D:1      | Reached XP level 2. HP: 8/13 MP: 7/7
   435 | D:1      | Learned a level 2 spell: Ensorcelled Hibernation
   837 | D:2      | Reached XP level 3. HP: 16/16 MP: 9/9
  1322 | D:2      | Found a shattered altar of Ashenzari.
  1331 | D:2      | Found an iron altar of Okawaru.
  1342 | D:3      | Reached skill level 4 in Stealth
  1979 | D:3      | Reached XP level 4. HP: 15/21 MP: 13/13
  2091 | D:3      | Noticed Sigmund
  2740 | D:4      | Found Byefirph's General Store.
  2754 | D:4      | Bought a scroll of identify for 26 gold pieces
  2879 | D:4      | Reached XP level 5. HP: 12/24 MP: 1/16
  3024 | D:4      | Reached skill level 5 in Stealth
  3112 | D:4      | Noticed a centaur
  3131 | D:4      | Killed a centaur
  3131 | D:4      | Reached XP level 6. HP: 10/28 MP: 2/18
  3395 | D:4      | Reached skill level 6 in Stealth
  3530 | D:4      | Noticed an ogre
  3538 | D:4      | Killed an ogre
  3639 | D:5      | Entered Level 5 of the Dungeon
  3647 | D:5      | Reached XP level 7. HP: 32/32 MP: 18/21
  3651 | D:5      | Noticed wojtek's ghost (experienced KoAs)
  3667 | D:4      | Learned a level 3 spell: Confuse
  3704 | D:5      | Found a blossoming altar of Fedhas.
  3753 | D:5      | Reached skill level 7 in Stealth
  3767 | D:5      | Reached skill level 5 in Dodging
  3942 | D:5      | Found a sand-covered staircase.
  3948 | Ossuary  | Entered an ossuary
  4234 | Ossuary  | Reached skill level 5 in Hexes
  4977 | D:6      | Reached skill level 5 in Short Blades
  5082 | D:6      | Found Psaach's Food Boutique.
  5275 | D:6      | Reached skill level 8 in Stealth
  5275 | D:6      | Reached XP level 8. HP: 10/36 MP: 22/23
  5547 | D:6      | Reached skill level 5 in Spellcasting
  5616 | D:6      | Noticed Crazy Yiuf
  5624 | D:6      | Killed Crazy Yiuf
  6150 | D:7      | Found a staircase to the Ecumenical Temple.
  6179 | Temple   | Entered the Ecumenical Temple
  6208 | Temple   | Became a worshipper of Dithmengos
  6695 | D:7      | Reached skill level 9 in Stealth
  6736 | D:7      | Found Klukhuan's General Store.
  6743 | D:7      | Bought 17 darts for 20 gold pieces
  6743 | D:7      | Bought a scroll of brand weapon for 240 gold pieces
  6746 | D:7      | Identified a scroll of acquirement
  6755 | D:7      | Identified a +1 cloak of preservation (You acquired it on level 7 of the Dungeon)
  7321 | D:7      | Slain by a fountain mimic

Action                   |  1- 3 |  4- 6 |  7- 9 || total
-------------------------+-------+-------+-------++-------
Melee: Dagger            |   147 |    71 |   325 ||   543
Throw: Dart              |       |       |    16 ||    16
 Cast: Ensorcelled Hiber |     9 |    29 |    33 ||    71
       Confuse           |       |       |    43 ||    43
       Corona            |       |       |     4 ||     4
Evoke: Wand              |       |       |     4 ||     4
  Use: Potion            |     2 |     6 |       ||     8
       Scroll            |       |    10 |    20 ||    30
 Stab: Sleeping          |    15 |    30 |    38 ||    83
       Confused          |       |       |     7 ||     7
